 Dungeon Crawl Stone Soup version 0.31-a0-18-gea43df2a32 (console) character file.

Game seed: 2591527857745697799

42 petzl the Sneak (level 3, -3/27 (29) HPs)
             Began as a Formicid Delver on May 10, 2023.
             Splashed by a jelly's acid (6 damage)
             ... on level 4 of the Dungeon.
             The game lasted 00:02:46 (511 turns).

petzl the Sneak (Formicid Delver)                    Turns: 511, Time: 00:02:46

HP:   -3/27 (29)    AC: -1    Str: 16    XL:     3   Next: 80%
MP:   7/7           EV: 12    Int: 17    God:
Gold: 66            SH:  0    Dex: 15    Spells: 8/8 levels left

rFire   . . .        a - +0 quarterstaff
rCold   . . .        (no shield)
rNeg    . . .        b - +0 leather armour
rPois   .            (helmet unavailable)
rElec   .            (no cloak)
rCorr   .            (no gloves)
SInv    +            (no boots)
Will    .....        (no amulet)
Stlth   +++          h - +6 ring of intelligence
HPRegen 0.24/turn    j - ring of wizardry
MPRegen 0.10/turn

%: wizardry (x1)
@: corroded, drained
A: permanent stasis, dig shafts and tunnels, antennae 3, four strong arms
a: Dig, Shaft Self


You were on level 4 of the Dungeon.
You visited 2 branches of the dungeon, and saw 4 of its levels.

You collected 66 gold pieces.

Inventory:

Hand Weapons
 a - a +0 quarterstaff (weapon)
Armour
 b - a +0 leather armour (worn)
Jewellery
 h - a +6 ring of intelligence (left hand)
 j - a ring of wizardry (right hand)
Wands
 f - a wand of digging (3)
 g - a wand of flame (18)
Scrolls
 c - a scroll of fog
 d - a scroll of magic mapping
 e - a scroll of fear
 i - a scroll of immolation {unknown}


   Skills:
 - Level 3.2 Fighting
 - Level 2.0 Maces & Flails
 - Level 1.7 Dodging
 - Level 6.0 Stealth
 + Level 3.1 Spellcasting


You had 8 spell levels left.
You didn't know any spells.
Your spell library was empty.

Dungeon Overview and Level Annotations

Branches:
Dungeon (6/15)             Temple (1/1) D:6

Altars:
Ashenzari
Cheibriados
Dithmenos
Elyvilon
Fedhas
Gozag
Nemelex Xobeh
Okawaru
Qazlal
Ru
Sif Muna
Xom
Yredelemnul
Zin

Annotations:
D:6 Pikel


Innate Abilities, Weirdness & Mutations

You cannot be hasted, slowed, berserked, paralysed or teleported.
You can dig through walls and to a lower floor.
You have a pair of large antennae on your head. (SInv)
Your four strong arms can wield two-handed weapons with a shield.


Message History

You feel clever. x2
Unknown command.
Unknown command.
Unknown command.
Okay, then.
There is a shaft here.
You see here a giant cockroach corpse.
The sentinel's mark upon you fades away.
An endoplasm comes into view.
The endoplasm freezes you.
You are frozen.
A jelly comes into view.
The jelly quivers.
You hit the endoplasm.
The endoplasm is almost dead.
The endoplasm closely misses you.
You extend your mandibles.
You dig through the rock wall.
You feel drained. The jelly attacks as you move away! The jelly hits you.
You are splashed with acid.
You retract your mandibles.
You sock the jelly!
Your hands burn!
The jelly is heavily wounded.
The jelly hits you but does no damage.
You hit the jelly but do no damage.
Your hands burn!
The jelly is heavily wounded.
The jelly hits you but does no damage.
You hit the jelly but do no damage.
Your hands burn!
The jelly is heavily wounded.
The jelly barely misses you.
You hit the jelly.
Your hands burn!
The jelly is severely wounded.
The jelly barely misses you. The jelly closely misses you.
Okay, then.
You hit the jelly. The acid corrodes you!
Your hands burn!
* * * LOW HITPOINT WARNING * * *
The jelly is almost dead.
The jelly hits you.
* * * LOW HITPOINT WARNING * * *
You are splashed with acid.
You die...

. ............#.# .
..............###
.##.####.########....#
[...#.#...# ###....)..
..........###........#
............#........##
...............#.......#
.........>........#..>.#
..........###...###.....
...........####..#......
..........##.........###
.........#...###...##
###.......^...#..#..#
##...†...#............
##..J...........##...##
#....#.#....#.......## {
##...######..##......#
#...JJ## ##..###.....#
##....#@# #...# #.####
#...##### ##.## ## #...#
#†# ##### ###


You could see a jelly and an endoplasm.

Vanquished Creatures
  A hound (D:4)
  An ufetubus (D:4)
  A dart slug (D:4)
  An orc (D:6)
  2 giant cockroaches (D:4)
  A kobold (D:4)
7 creatures vanquished.

Notes
Turn   | Place    | Note
-------+----------+-------------------------------------------
     0 | D:5      | petzl the Formicid Delver began the quest for the Orb.
     0 | D:5      | Reached XP level 1. HP: 18/18 MP: 1/1
    12 | D:5      | Found a snail-covered altar of Cheibriados.
    53 | D:6      | Found a sparkling altar of Nemelex Xobeh.
   153 | D:6      | Noticed Pikel
   153 | D:6      | Noticed a lemure
   153 | D:6      | Noticed a lemure
   153 | D:6      | Noticed a lemure
   194 | D:5      | Found a blossoming altar of Fedhas.
   229 | D:6      | Found a staircase to the Ecumenical Temple.
   240 | Temple   | Entered the Ecumenical Temple
   313 | D:4      | Reached skill level 1 in Spellcasting
   326 | D:4      | Reached XP level 2. HP: 22/24 MP: 4/4
   464 | D:5      | Noticed a wight
   464 | D:5      | Noticed a wight
   464 | D:5      | Noticed a wight
   464 | D:5      | Noticed a wight
   472 | D:4      | Reached XP level 3. HP: 23/29 MP: 5/7
   511 | D:4      | Splashed by a jelly's acid

Illustrated notes

Levels and vault maps discovered:
D:4:      layout_cave_pools, kennysheep_mini, hellmonk_ghost_happy_afterlife,
          minmay_cut_off
D:5:      layout_cave_pods, cheibriados_altar_1, fedhas_altar_4,
          serial_park_tiny_1, nicolae_underground_beach
D:6:      layout_basic, old_standard_altar, temple_statues,
          kennysheep_cluttered_room, uniq_duvessa, uniq_pikel
Temple:   hellmonk_temple_of_storms

Skill      XL: |  1  2 |
---------------+-------+-----
Spellcasting   | 1 3 |  3.1
Fighting       | |  3.2
Maces & Flails | |  2.0
Dodging        | |  1.7
Stealth        | |  6.0

Action                     || total
---------------------------++-------
  Melee: Quarterstaff      ||    35
Ability: Dig               ||     1
   Stab: Sleeping          ||     1
 Armour: Leather armour    ||    10
  Dodge: Dodged            ||    39

Table legend: (Time is in decaauts)
 A = Elapsed time spent in this place.
 B = Non-inter-level travel time spent in this place.
 C = Inter-level travel time spent in this place.
 D = Time resting spent in this place.
 E = Time spent auto-exploring this place.
 F = Levels seen in this place.
 G = Mean time per level.
                   A        B        C        D        E       F      G
               +--------+--------+--------+--------+--------+-----+--------+
         Total |    517 |    509 |      8 |     93 |    139 |   4 |  129.2 |
       Dungeon |    476 |    475 |      1 |     93 |    115 |   3 |  158.7 |
        Temple |     40 |     33 |      7 |      0 |     24 |   1 |   40.0 |
               +--------+--------+--------+--------+--------+-----+--------+

Top non-repeatable levels by time:
     D:4: 209 daAuts
     D:6: 180 daAuts
     D:5: 85 daAuts
  Temple: 40 daAuts
